 Dungeon Crawl Stone Soup version 0.25.1-4-g9407a263a5 (webtiles) character file.

Game seed: 15468792356101023016

591 Gabide the Poker (level 7, 0/52 HPs)
             Began as a Human Gladiator on Nov 28, 2020.
             Succumbed to a killer bee's poison
             ... on level 5 of the Dungeon.
             The game lasted 00:09:13 (4001 turns).

Gabide the Poker (Human Gladiator)                  Turns: 4001, Time: 00:09:14

Health: 0/52       AC: 15    Str: 17    XL:     7   Next: 66%
Magic:  11/16      EV:  6    Int:  8    God:
Gold:   190        SH:  0    Dex: 14    Spells: 6/6 levels left

rFire    . . .     SeeInvis .   n - +0 halberd
rCold    . . .     Gourm    .   (shield currently unavailable)
rNeg     . . .     Faith    .   p - +2 plate armour
rPois    .         Spirit   +   c - +0 helmet
rElec    .         Reflect  .   (no cloak)
rCorr    .         Harm     .   (no gloves)
MR       .....                  (no boots)
Stlth    ..........             i - amulet of guardian spirit
HPRegen  0.17/turn              m - ring of magical power
MPRegen  0.15/turn              k - ring of wizardry

@: mighty, lethally poisoned (0 -> -20), flying
A: no striking features
a: no special abilities


You were on level 5 of the Dungeon.
You were not hungry.

You visited 1 branch of the dungeon, and saw 5 of its levels.

You collected 190 gold pieces.

Inventory:

Hand Weapons
 n - a +0 halberd (weapon)
Armour
 c - a +0 helmet (worn)
 g - a +0 chain mail
 o - a +1 hat
 p - a +2 plate armour (worn)
Jewellery
 a - a cursed amulet of inaccuracy {unknown}
 i - an amulet of guardian spirit (around neck)
 k - a ring of wizardry (right hand)
 m - a ring of magical power (left hand)
Wands
 q - a wand of flame (15)
 s - a wand of random effects (12)
Potions
 b - a potion of stabbing
Comestibles
 f - 8 rations


   Skills:
 + Level 3.2 Fighting
 + Level 5.8 Polearms
 - Level 2.0 Throwing
 * Level 4.6 Armour
 - Level 3.3 Dodging
 + Level 0.1 Evocations


You had 6 spell levels left.
You didn't know any spells.
Your spell library was empty.

Dungeon Overview and Level Annotations

Branches:
Dungeon (5/15)
 Temple: D:4-7

Altars:
Gozag


Message History

You feel sick.
The killer bee stings you but does no damage.
The killer bee barely misses you.
k - a ring of wizardry (right hand)
* * * LOW HITPOINT WARNING * * *
You feel sick.
The killer bee stings you but does no damage.
You barely miss the killer bee.
* * * LOW HITPOINT WARNING * * *
You feel sick. The killer bee stings you.
* * * LOW HITPOINT WARNING * * *
The killer bee stings you but does no damage.
The killer bee stings you.
* * * LOW HITPOINT WARNING * * *
You are more poisoned.
The killer bee poisons you!
Unknown command.
You puncture the killer bee!
The killer bee is heavily wounded.
You die...

.......................,,,,,,,,,,
.......................#*,**,,,,,
........................,,,,,,,..
......#........._.......,,,*,,.#.
......##...##..........(,,*,,,,..
.....................(..,,*,**,..
......##............†...,,*,*#,*.
.....##..........y....#*#.#.*#.##
.....##.........@†...(###.^.##...
###.##................#........##
*#.##................#........##
*.................$..#........##
#..####.............##........##
*,,* ##.....#.....###..........
*,,* ############# #......y.##
**** #.....yyy# #...%....#


You could see a killer bee.

Vanquished Creatures
  3 killer bees (D:5)
  A howler monkey (D:5)
  2 hounds (D:5)
  A centaur skeleton (D:4)
  Natasha (thrice) (D:4)
  2 orc wizards
  3 worker ants
  5 gnolls (D:4)
  2 adders
  An adder skeleton (D:5)
  2 worms
  2 dart slugs
  4 orcs (D:3)
  A ball python (D:3)
  3 giant cockroaches
  5 goblins
  6 hobgoblins
  5 jackals
  5 quokkas
  5 bats
  4 frilled lizards
  5 kobolds
  A quokka skeleton (D:4)
  A quokka zombie (D:5)
  4 rats
76 creatures vanquished.

Notes
Turn   | Place    | Note
-------+----------+-------------------------------------------
     0 | D:1      | Gabide the Human Gladiator began the quest for the Orb.
     0 | D:1      | Reached XP level 1. HP: 16/16 MP: 1/1
   303 | D:1      | Reached XP level 2. HP: 22/22 MP: 2/2
   743 | D:2      | Reached skill level 1 in Armour
   743 | D:2      | Reached XP level 3. HP: 27/27 MP: 3/3
  1602 | D:3      | Reached XP level 4. HP: 33/33 MP: 4/4
  1798 | D:3      | Reached skill level 4 in Polearms
  2209 | D:4      | Reached XP level 5. HP: 39/39 MP: 5/5
  3055 | D:4      | Reached XP level 6. HP: 44/46 MP: 6/6
  3140 | D:4      | Noticed Natasha
  3179 | D:4      | Killed Natasha
  3179 | D:4      | Reached skill level 5 in Polearms
  3504 | D:4      | Noticed Natasha
  3515 | D:4      | Killed Natasha
  3600 | D:4      | Noticed Natasha
  3610 | D:4      | Killed Natasha
  3661 | D:5      | Entered Level 5 of the Dungeon
  3697 | D:5      | Reached XP level 7. HP: 22/51 MP: 7/7
  3969 | D:5      | Found an opulent altar of Gozag.
  4000 | D:5      | HP: 2/52 [killer bee (1)]
  4001 | D:5      | Succumbed to a killer bee's poison

Illustrated notes

Levels and vault maps discovered:
D:1:      matt_arrival_los_fun, layout_basic
D:2:      layout_loops_ring, first_ration
D:3:      layout_basic
D:4:      minmay_bubble_buster, layout_rooms, gup_sewer_entry_bowl, uniq_natasha
D:5:      layout_rooms, basic_altar

Skill      XL: |  1  2  3  4  5  6  7 |
---------------+----------------------+-----
Armour         | 1 2 3 4 |  4.6
Polearms       | 4 5 |  5.8
Fighting       | 3 |  3.2
Throwing       | |  2.0
Dodging        | |  3.3
Evocations     | |  0.1

Action                   |  1- 3 |  4- 6 |  7- 9 || total
-------------------------+-------+-------+-------++-------
Melee: Trident           |   118 |    71 |       ||   189
       Halberd           |       |   116 |    41 ||   157
Throw: Throwing net      |       |     3 |     2 ||     5
       Dart              |       |       |     3 ||     3
Evoke: Wand              |       |       |     4 ||     4
  Use: Scroll            |     1 |    11 |     1 ||    13
       Potion            |       |     2 |     4 ||     6
  Eat: Chunk             |     2 |     3 |       ||     5
       Ration            |       |     2 |       ||     2
Armor: Chain mail        |    92 |   105 |       ||   197
       Plate armour      |       |    52 |    39 ||    91
       Skin              |       |     6 |    21 ||    27
Dodge: Dodged            |    46 |    93 |    30 ||   169
